 Dungeon Crawl Stone Soup version 0.24.0-13-gcf9b319 (webtiles) character file.

Game seed: 17303264575285180867, levelgen mode: deterministic

1577 Captinkiss the Thaumaturge (level 8, -2/42 HPs)
             Began as a Deep Elf Fire Elementalist on Feb 6, 2020.
             Killed by nerve-wracking pain
             ... invoked by an orc priest
              (8 damage)
             ... on level 5 of the Dungeon.
             The game lasted 00:11:00 (5801 turns).

Captinkiss the Thaumaturge (DEFE)                   Turns: 5801, Time: 00:11:01

Health: -2/42      AC:  3    Str:  5    XL:     8   Next: 60%
Magic:  0/22       EV: 14    Int: 21    God:
Gold:   270        SH:  0    Dex: 17    Spells: 16/24 levels left

rFire    x . .     SeeInvis .   b - +0 dagger
rCold    + . .     Gourm    .   (no shield)
rNeg     . . .     Faith    +   k - +0 robe
rPois    .         Spirit   .   (no helmet)
rElec    .         Reflect  .   h - +0 cloak
rCorr    .         Harm     .   (no gloves)
MR       .....                  (no boots)
Stlth    +++.......             r - amulet of faith
HPRegen  0.14/turn              y - ring of ice (curse)
MPRegen  0.18/turn              (no ring)

@: no status effects
A: no striking features
a: no special abilities


You were on level 5 of the Dungeon.
You were very hungry.

You visited 1 branch of the dungeon, and saw 5 of its levels.
You also visited: Sewer.

You collected 270 gold pieces.

Inventory:

Hand Weapons
 b - a +0 dagger (weapon)
Missiles
 q - 7 curare-tipped darts (quivered)
Armour
 a - a +0 robe
 h - a +0 cloak (worn)
 k - a +0 robe (worn)
Jewellery
 r - an amulet of faith (around neck)
 y - a cursed ring of ice (left hand)
Wands
 v - a wand of polymorph (11)
Scrolls
 f - 2 scrolls of blinking
 i - 2 scrolls of remove curse
 l - a scroll of fog {unknown}
 n - 2 scrolls of identify {unknown}
 o - a scroll of noise {unknown}
 p - a scroll of teleportation {unknown}
 w - a scroll of enchant weapon {unknown}
 A - a scroll of immolation {unknown}
Potions
 d - 3 potions of might {unknown}
 e - 3 potions of haste {unknown}
 g - a potion of mutation {unknown}
 j - a potion of brilliance {unknown}
 m - a potion of agility {unknown}
 s - a potion of curing {unknown}
 t - a potion of magic {unknown}
 u - a potion of invisibility {unknown}
 x - 2 potions of degeneration {unknown}
 z - a potion of berserk rage {unknown}
Comestibles
 c - 9 rations


   Skills:
 - Level 0.5 Fighting
 + Level 0.6 Short Blades
 + Level 4.2 Dodging
 + Level 4.1 Stealth
 + Level 0.1 Unarmed Combat
 + Level 8.5 Spellcasting
 + Level 6.0 Conjurations
 + Level 7.0 Fire Magic


You had 16 spell levels left.
You knew the following spells:

 Your Spells              Type           Power        Failure   Level  Hunger
a - Flame Tongue          Conj/Fire      #####        1%          1    None
b - Conjure Flame         Conj/Fire      #####...     1%          3    None
c - Sticky Flame          Conj/Fire      #####...     4%          4    ###....

Your spell library contained the following spells:

 Spells                   Type           Power        Failure   Level  Hunger
 Throw Flame              Conj/Fire      #####.       1%          2    None
 Inner Flame              Hex/Fire       ###.....     5%          3    None
 Fireball                 Conj/Fire      #####.....   14%         5    #####..


Dungeon Overview and Level Annotations

Branches:
Dungeon (5/15)              Sewer (visited)
 Temple: D:4-7

Altars:
Dithmenos
Fedhas


Message History

The orc priest is lightly wounded.
The orc priest miscasts a cantrip.
Casting: Flame Tongue (safe; 1% risk of failure)
Confirm with . or Enter, or press ? or * to list all spells.
Aiming: Flame Tongue (safe; 1% risk of failure)
Press: ? - help, Shift-Dir - straight line, f/p - orc priest
Aim: an orc priest, wearing a +0 chain mail (lightly wounded)
The flame tongue hits the orc priest but does no damage.
The orc priest is lightly wounded.
The orc priest barely misses you.
Casting: Flame Tongue (safe; 1% risk of failure)
Confirm with . or Enter, or press ? or * to list all spells.
Aiming: Flame Tongue (safe; 1% risk of failure)
Press: ? - help, Shift-Dir - straight line, f/p - orc priest
Aim: an orc priest, wearing a +0 chain mail (lightly wounded)
The flame tongue hits the orc priest!
The orc priest is severely wounded.
The orc priest invokes the aid of Beogh against you.
Pain shoots through your body!
You die...

..#......##............<...###...
.##.......................####...
..##.....#..........#.##.###.#...
..###.#.......<.....####.........
#...####.....[......# #.....#...
#....#..........##### ##......#.
............#.))# ######...#...#.
..#.........###o###.#......#..##.
...##....[..##).@#.........#..##.
#...........##.................#.
#...........#..............##..##
.......#..........#..............
#...#..##..##...####.............
#...##.##...###..# ###...........
#......#..####...## ##....##...#.
#....#....######..###....###..##.
#..)..............##.......#..##.


You could see an orc priest.

Vanquished Creatures
  Pikel (D:4)
  An orc warrior (D:5)
  An ogre (D:5)
  2 phantoms
  2 centaurs (D:5)
  A scorpion (D:4)
  A bullfrog zombie (D:5)
  2 orc priests
  A hound (D:5)
  Crazy Yiuf (D:2)
  A bullfrog skeleton (D:5)
  2 iguanas
  Natasha (thrice) (D:2)
  2 worker ants (D:5)
  A mummy (D:4)
  5 adders
  2 oozes
  A worm (D:4)
  A dart slug (D:1)
  10 leopard geckos
  8 orcs
  5 ball pythons
  11 bats
  7 giant cockroaches
  9 goblins
  6 hobgoblins
  11 jackals
  18 kobolds
  3 quokkas
  8 frilled lizards
  A kobold zombie (D:4)
  3 orc zombies (D:4)
  3 rats
134 creatures vanquished.

Vanquished Creatures (others)
  A plant (Sewer)
1 creature vanquished.

Grand Total: 135 creatures vanquished

Notes
Turn   | Place    | Note
-------+----------+-------------------------------------------
     0 | D:1      | Captinkiss the Deep Elf Fire Elementalist began the quest
                  | for the Orb.
     0 | D:1      | Reached XP level 1. HP: 10/10 MP: 6/6
    64 | D:1      | Reached XP level 2. HP: 15/15 MP: 1/8
  1008 | D:1      | Reached XP level 3. HP: 19/19 MP: 6/9
  1496 | D:2      | Noticed a phantom
  1694 | D:2      | Killed a phantom
  1694 | D:2      | Reached skill level 4 in Spellcasting
  1694 | D:2      | Reached XP level 4. HP: 9/24 MP: 3/12
  1694 | D:2      | Reached XP level 5. HP: 11/28 MP: 3/13
  1893 | D:2      | Noticed Natasha
  1902 | D:2      | Killed Natasha
  2026 | D:2      | Learned a level 3 spell: Conjure Flame
  2031 | D:2      | Learned a level 4 spell: Sticky Flame
  2106 | D:2      | Noticed Natasha
  2111 | D:2      | Killed Natasha
  2403 | D:2      | Noticed Natasha
  2409 | D:2      | Killed Natasha
  2484 | D:2      | Found a runed translucent door.
  2485 | D:2      | Noticed Crazy Yiuf
  2806 | D:2      | Killed Crazy Yiuf
  2806 | D:2      | Reached skill level 5 in Spellcasting
  2806 | D:2      | Reached XP level 6. HP: 33/33 MP: 9/15
  3538 | D:4      | Found a glowing drain.
  3585 | Sewer    | Entered a sewer
  4216 | Sewer    | Reached skill level 5 in Fire Magic
  4330 | D:4      | Found a shadowy altar of Dithmenos.
  4745 | D:4      | Noticed a slave
  4747 | D:4      | Noticed Pikel
  4747 | D:4      | Noticed a slave
  4773 | D:4      | Killed Pikel
  4773 | D:4      | Reached skill level 7 in Spellcasting
  4773 | D:4      | Reached XP level 7. HP: 33/37 MP: 6/19
  4972 | D:5      | Entered Level 5 of the Dungeon
  4976 | D:5      | Reached skill level 5 in Conjurations
  4976 | D:5      | Reached XP level 8. HP: 40/42 MP: 16/21
  5399 | D:5      | Found a blossoming altar of Fedhas.
  5417 | D:5      | Reached skill level 8 in Spellcasting
  5801 | D:5      | Killed from afar by an orc priest

Levels and vault maps discovered:
D:1:      onia_arrival_mini_spirals, layout_rooms, minmay_cut_off
D:2:      layout_loops_ring, first_ration, minmay_fountain_box,
          uniq_crazy_yiuf_cottage, uniq_natasha
D:3:      layout_loops_ring
D:4:      layout_loops_ring, nicolae_dithmenos_the_darkroom,
          portal_sewer_entry_f, minmay_mini_ossuary, uniq_pikel
D:5:      layout_cave_pools, fedhas_altar_1

Skill      XL: |  1  2  3  4  5  6  7  8 |
---------------+-------------------------+-----
Dodging        | 3 4 |  4.2
Fire Magic     | 4 6 7 |  7.0
Stealth        | 3 4 |  4.1
Spellcasting   | 4 5 7 8 |  8.5
Conjurations   | 2 3 4 5 6 |  6.0
Fighting       | |  0.5
Short Blades   | |  0.6
Unarmed Combat | |  0.1

Action                   |  1- 3 |  4- 6 |  7- 9 || total
-------------------------+-------+-------+-------++-------
Melee: Unarmed           |    22 |       |       ||    22
       Dagger            |    14 |    19 |     2 ||    35
 Cast: Flame Tongue      |    85 |   153 |    66 ||   304
       Conjure Flame     |       |     2 |     1 ||     3
       Sticky Flame      |       |     1 |     5 ||     6
  Use: Potion            |     2 |       |     1 ||     3
       Scroll            |       |     4 |       ||     4
 Stab: Sleeping          |       |     1 |       ||     1
  Eat: Chunk             |     2 |     7 |     2 ||    11
       Ration            |       |     1 |       ||     1
Armor: Robe              |    30 |    13 |     2 ||    45
Dodge: Dodged            |   105 |    43 |    20 ||   168
